TOP OF THE 1ST |
Topeka Tornados batting - Pitching for Blueville 83's : RHP Félix Medina
|
Pitching: RHP Félix Medina
|
|
Batting: RHB José Pinto
|
0-0: Ball 1-0: Ball 2-0: Called Strike 2-1: Ball 3-1: Base on Balls
|
Batting: LHB Yoshiaki Ohayashi
|
0-0: Ball 1-0: Called Strike 1-1: Called Strike 1-2: Foul Ball, location: 2F 1-2: Ground out 3-1 (Groundball, 34) José Pinto to second
|
Batting: LHB Ryan Drake
|
0-0: Ball 1-0: Swinging Strike 1-1: Ground out 1-3 (Groundball, 25)
|
Batting: RHB Alberto Campos
|
0-0: Ball 1-0: Ball 2-0: Fly out, F9 (Popup, 9S)
|
Top of the 1st over - 0 run(s), 0 hit(s), 0 error(s), 1 left on base; Topeka 0 - Blueville 0 |
BOTTOM OF THE 1ST |
Blueville 83's batting - Pitching for Topeka Tornados : RHP Eric Hunt
|
Pitching: RHP Eric Hunt
|
|
Batting: RHB Juan Costello
|
0-0: Ball 1-0: Ball 2-0: Called Strike 2-1: Ball 3-1: Foul Ball, location: 2F 3-2: Foul Ball, location: 2F 3-2: Base on Balls
|
Batting: RHB Bryce Hester
|
0-0: Ball Juan Costello steals 2nd base 1-0: Called Strike 1-1: Ball 2-1: Called Strike Juan Costello steals 3rd base 2-2: Foul Ball, location: 2F 2-2: Ball 3-2: Foul Ball, location: 2F 3-2: Ground out 2-3 (Groundball, 2L)
|
Batting: RHB Naomichi Aoki
|
0-0: Foul Ball, location: 2F 0-1: Fly out, F8 (Flyball, 8RD) Runner from 3rd tags up, SCORES, no throw
|
Batting: LHB Ricardo Romero
|
0-0: DOUBLE (Line Drive, 9D)
|
Batting: RHB Jorge Sáenz
|
0-0: Ball 1-0: SINGLE (Groundball, 5D) Ricardo Romero to third Runner from 3rd tries for Home, SAFE, throw made home Jorge Sáenz to second
|
Batting: LHB Robbie McLaughlin
|
0-0: Swinging Strike 0-1: Swinging Strike 0-2: Strikes out swinging
|
Bottom of the 1st over - 2 run(s), 2 hit(s), 0 error(s), 1 left on base; Topeka 0 - Blueville 2 |
TOP OF THE 2ND |
Topeka Tornados batting - Pitching for Blueville 83's : RHP Félix Medina
|
Batting: LHB Morgan Wright
|
0-0: Ball 1-0: Ball 2-0: Ball 3-0: Called Strike 3-1: Base on Balls
|
Pitching: RHP Cody White
|
|
Batting: LHB Pedro Cruz
|
0-0: Ball 1-0: Foul Ball, location: 2F 1-1: Ball 2-1: Fielders Choice at 2nd, 6-4 (Groundball, 56)
|
Batting: RHB Bob Hall
|
0-0: Ball 1-0: Ball 2-0: SINGLE (Flyball, 7LS) Pedro Cruz to second
|
Batting: RHB Cho-yun Qiao
|
0-0: Fly out, F7 (Line Drive, 7D)
|
Batting: LHB Aurelio Torrez
|
0-0: Foul Ball, location: 2F 0-1: Ground out 6-3 (Groundball, 6S)
|
Top of the 2nd over - 0 run(s), 1 hit(s), 0 error(s), 2 left on base; Topeka 0 - Blueville 2 |
BOTTOM OF THE 2ND |
Blueville 83's batting - Pitching for Topeka Tornados : RHP Eric Hunt
|
Batting: RHB Earl Conrad
|
0-0: Called Strike 0-1: Fly out, F8 (Flyball, 8LM)
|
Batting: LHB Jacob Wright
|
0-0: Ball 1-0: Ball 2-0: Foul Ball, location: 2F 2-1: Called Strike 2-2: Fly out, F8 (Flyball, 8RD)
|
Batting: RHB Gernot Renner
|
0-0: Ground out U3 (Groundball, 3)
|
Bottom of the 2nd over - 0 run(s), 0 hit(s), 0 error(s), 0 left on base; Topeka 0 - Blueville 2 |
TOP OF THE 3RD |
Topeka Tornados batting - Pitching for Blueville 83's : RHP Cody White
|
Batting: RHB José Pinto
|
0-0: Called Strike 0-1: Ball 1-1: Ball 2-1: Ball 3-1: Base on Balls
|
Batting: LHB Yoshiaki Ohayashi
|
0-0: Ball José Pinto steals 2nd base 1-0: Foul Ball, location: 2F 1-1: Ground out 6-3 (Groundball, 6M) José Pinto to third
|
Batting: LHB Ryan Drake
|
0-0: Called Strike 0-1: Called Strike 0-2: Ball 1-2: Foul Ball, location: 2F 1-2: Fly out, F9 (Flyball, 89M) Runner from 3rd tags up, SCORES, no throw
|
Batting: RHB Alberto Campos
|
0-0: Swinging Strike 0-1: Foul Ball, location: 2F 0-2: Ball 1-2: Strikes out swinging
|
Top of the 3rd over - 1 run(s), 0 hit(s), 0 error(s), 0 left on base; Topeka 1 - Blueville 2 |
BOTTOM OF THE 3RD |
Blueville 83's batting - Pitching for Topeka Tornados : RHP Eric Hunt
|
Batting: RHB Juan Costello
|
0-0: Ball 1-0: Ground out 1-3 (Groundball, 15)
|
Batting: RHB Bryce Hester
|
0-0: Fly out, F9 (Flyball, 9S)
|
Batting: RHB Naomichi Aoki
|
0-0: Ball 1-0: Ball 2-0: Ball 3-0: Base on Balls
|
Batting: LHB Ricardo Romero
|
0-0: Ball 1-0: Ball 2-0: Called Strike 2-1: Fielders Choice at 2nd, U6 (Groundball, 6M)
|
Bottom of the 3rd over - 0 run(s), 0 hit(s), 0 error(s), 1 left on base; Topeka 1 - Blueville 2 |
TOP OF THE 4TH |
Topeka Tornados batting - Pitching for Blueville 83's : RHP Cody White
|
Batting: LHB Morgan Wright
|
0-0: Called Strike 0-1: Foul Ball, location: 2F 0-2: Strikes out looking
|
Batting: LHB Pedro Cruz
|
0-0: Foul Ball, location: 2F 0-1: Ball 1-1: Foul Ball, location: 2F 1-2: Strikes out swinging
|
Batting: RHB Bob Hall
|
0-0: Ball 1-0: Ball 2-0: Called Strike 2-1: Ball 3-1: Base on Balls
|
Batting: RHB Cho-yun Qiao
|
0-0: Ball 1-0: Foul Ball, location: 2F 1-1: TRIPLE (Line Drive, 9LM) Bob Hall scores
|
Batting: LHB Aurelio Torrez
|
0-0: Ball 1-0: Swinging Strike 1-1: Fly out, F7 (Flyball, 7S)
|
Top of the 4th over - 1 run(s), 1 hit(s), 0 error(s), 1 left on base; Topeka 2 - Blueville 2 |
BOTTOM OF THE 4TH |
Blueville 83's batting - Pitching for Topeka Tornados : RHP Eric Hunt
|
Batting: RHB Jorge Sáenz
|
0-0: Called Strike 0-1: Foul Ball, location: 2F 0-2: Strikes out swinging
|
Batting: LHB Robbie McLaughlin
|
0-0: Ball 1-0: Ball 2-0: Called Strike 2-1: Ball 3-1: Called Strike 3-2: SINGLE (Groundball, 5D)
|
Batting: RHB Earl Conrad
|
0-0: Foul Ball, location: 2F 0-1: Ball 1-1: Ball 2-1: Ball 3-1: Grounds into double play, 5-4-3 (Groundball, 56)
|
Bottom of the 4th over - 0 run(s), 1 hit(s), 0 error(s), 0 left on base; Topeka 2 - Blueville 2 |
TOP OF THE 5TH |
Topeka Tornados batting - Pitching for Blueville 83's : RHP Cody White
|
Batting: RHB José Pinto
|
0-0: Called Strike 0-1: Foul Ball, location: 2F 0-2: Ball 1-2: Foul Ball, location: 2F 1-2: Foul Ball, location: 2F 1-2: Ball 2-2: Ball 3-2: SINGLE (Line Drive, 4MD)
|
Batting: LHB Yoshiaki Ohayashi
|
0-0: Ball 1-0: Swinging Strike 1-1: Called Strike José Pinto steals 2nd base 1-2: Ball 2-2: Ball 3-2: Foul Ball, location: 2F 3-2: Base on Balls
|
Batting: LHB Ryan Drake
|
0-0: Ground out 3-1 (Groundball, 34S) José Pinto to third Yoshiaki Ohayashi to second
|
Batting: RHB Alberto Campos
|
0-0: Ball 1-0: Ball 2-0: Called Strike 2-1: Ball 3-1: Foul Ball, location: 2F 3-2: Strikes out looking
|
Pitching: RHP Jim Daniel
|
|
Batting: LHB Morgan Wright
|
0-0: Ball 1-0: Ball 2-0: Ball 3-0: Foul Ball, location: 2F 3-1: Fly out, F7 (Flyball, 7M)
|
Top of the 5th over - 0 run(s), 1 hit(s), 0 error(s), 2 left on base; Topeka 2 - Blueville 2 |
BOTTOM OF THE 5TH |
Blueville 83's batting - Pitching for Topeka Tornados : RHP Eric Hunt
|
Batting: LHB Jacob Wright
|
0-0: Called Strike 0-1: Foul Ball, location: 2F 0-2: SINGLE (Groundball, 6MD) (infield hit)
|
Batting: RHB Gernot Renner
|
0-0: Ball 1-0: DOUBLE (Flyball, 8LXD) Jacob Wright to third
|
Batting: RHB Juan Costello
|
0-0: Called Strike 0-1: Ball 1-1: Ball 2-1: Foul Ball, location: 2F 2-2: Strikes out looking
|
Batting: RHB Bryce Hester
|
0-0: Called Strike 0-1: Swinging Strike 0-2: Foul Ball, location: 2F 0-2: Ball 1-2: Strikes out swinging
|
Batting: RHB Naomichi Aoki
|
0-0: Foul Ball, location: 2F 0-1: Ball 1-1: Foul Ball, location: 2F 1-2: Ball 2-2: Ball 3-2: Base on Balls
|
Batting: LHB Ricardo Romero
|
0-0: Swinging Strike 0-1: Ball 1-1: Ball 2-1: Ball 3-1: Base on Balls Jacob Wright scores Gernot Renner to third Naomichi Aoki to second
|
Batting: RHB Jorge Sáenz
|
0-0: Ball 1-0: Called Strike 1-1: Foul Ball, location: 2F 1-2: Foul Ball, location: 2F 1-2: Foul Ball, location: 2F 1-2: Strikes out swinging
|
Bottom of the 5th over - 1 run(s), 2 hit(s), 0 error(s), 3 left on base; Topeka 2 - Blueville 3 |
TOP OF THE 6TH |
Topeka Tornados batting - Pitching for Blueville 83's : RHP Jim Daniel
|
Batting: LHB Pedro Cruz
|
0-0: Swinging Strike 0-1: Foul Ball, location: 2F 0-2: Foul Ball, location: 2F 0-2: DOUBLE (Groundball, 5L)
|
Batting: RHB Bob Hall
|
0-0: Ball 1-0: Foul Ball, location: 2F 1-1: Ball 2-1: Foul Ball, location: 2F 2-2: Foul Ball, location: 2F 2-2: Ball 3-2: Fly out, F8 (Flyball, 8RM)
|
Batting: RHB Cho-yun Qiao
|
Balk! Pedro Cruz to third 0-0: Fly out, F6 (Popup, 5DF)
|
Batting: LHB Aurelio Torrez
|
0-0: Called Strike 0-1: Ground out 3-1 (Groundball, 3L)
|
Top of the 6th over - 0 run(s), 1 hit(s), 0 error(s), 1 left on base; Topeka 2 - Blueville 3 |
BOTTOM OF THE 6TH |
Blueville 83's batting - Pitching for Topeka Tornados : RHP Eric Hunt
|
Batting: LHB Robbie McLaughlin
|
0-0: Swinging Strike 0-1: Ground out U3 (Groundball, 3)
|
Batting: RHB Earl Conrad
|
0-0: Ball 1-0: Ball 2-0: Called Strike 2-1: Ground out 5-3 (Groundball, 56S)
|
Batting: LHB Jacob Wright
|
0-0: Ball 1-0: Ball 2-0: Ground out 6-3 (Groundball, 6)
|
Bottom of the 6th over - 0 run(s), 0 hit(s), 0 error(s), 0 left on base; Topeka 2 - Blueville 3 |
TOP OF THE 7TH |
Topeka Tornados batting - Pitching for Blueville 83's : RHP Jim Daniel
|
Batting: RHB José Pinto
|
0-0: Ball 1-0: Ball 2-0: Ball 3-0: Called Strike 3-1: Foul Ball, location: 2F 3-2: Strikes out swinging
|
Batting: LHB Yoshiaki Ohayashi
|
0-0: Called Strike 0-1: Ball 1-1: Swinging Strike 1-2: Ball 2-2: Foul Ball, location: 2F 2-2: Strikes out swinging
|
Batting: LHB Ryan Drake
|
0-0: Called Strike 0-1: Ball 1-1: Swinging Strike 1-2: Ball 2-2: SINGLE (Groundball, 34D)
|
Batting: RHB Alberto Campos
|
0-0: Foul Ball, location: 2F 0-1: Foul Ball, location: 2F 0-2: Strikes out swinging
|
Top of the 7th over - 0 run(s), 1 hit(s), 0 error(s), 1 left on base; Topeka 2 - Blueville 3 |
BOTTOM OF THE 7TH |
Blueville 83's batting - Pitching for Topeka Tornados : RHP Eric Hunt
|
Pitching: LHP Glenn Tutt
|
|
Batting: RHB Gernot Renner
|
0-0: Ball 1-0: Ball 2-0: Ball 3-0: Called Strike 3-1: Base on Balls
|
Batting: RHB Juan Costello
|
0-0: Bunted foul 0-1: Ball 1-1: Sac Bunt - play at first, batter OUT! 1-4 Gernot Renner to second
|
Pinch Hitting: RHB Fernando Díaz
|
0-0: Intentional Walk
|
Pinch Hitting: RHB José Baca
|
0-0: Grounds into double play, 6-4-3 (Groundball, 6M)
|
Bottom of the 7th over - 0 run(s), 0 hit(s), 0 error(s), 1 left on base; Topeka 2 - Blueville 3 |
TOP OF THE 8TH |
Topeka Tornados batting - Pitching for Blueville 83's : RHP Jim Daniel
|
Pitching: LHP Pierre Dumont
|
|
Now at 2B: Carlos Carrillo
|
|
Now in CF: Kuniaki Kawashima
|
|
Batting: LHB Morgan Wright
|
0-0: SINGLE (Groundball, 34D)
|
Pinch Runner at 1st Martín Medina:
|
|
Batting: LHB Pedro Cruz
|
0-0: Called Strike 0-1: Ball 1-1: Foul Ball, location: 2F 1-2: Ball 2-2: Strikes out swinging
|
Pitching: RHP Ernesto Germán
|
|
Batting: RHB Bob Hall
|
0-0: Ball 1-0: Called Strike 1-1: Foul Ball, location: 2F 1-2: Ball 2-2: Ball 3-2: Foul Ball, location: 2F 3-2: Grounds into double play, 6-4-3 (Groundball, 6M)
|
Top of the 8th over - 0 run(s), 1 hit(s), 0 error(s), 0 left on base; Topeka 2 - Blueville 3 |
BOTTOM OF THE 8TH |
Blueville 83's batting - Pitching for Topeka Tornados : LHP Glenn Tutt
|
Now in CF: Martín Medina
|
|
Batting: LHB Ricardo Romero
|
0-0: Ball 1-0: Ball 2-0: Swinging Strike 2-1: Fly out, F8 (Flyball, 8LXD)
|
Batting: RHB Jorge Sáenz
|
0-0: Ball 1-0: SINGLE (Groundball, 56D)
|
Pinch Hitting: RHB Jorge Rodríguez
|
0-0: Swinging Strike 0-1: Ball 1-1: Swinging Strike 1-2: Strikes out swinging
|
Batting: RHB Earl Conrad
|
0-0: Swinging Strike 0-1: Foul Ball, location: 2F 0-2: Fly out, F7 (Flyball, 7D)
|
Bottom of the 8th over - 0 run(s), 1 hit(s), 0 error(s), 1 left on base; Topeka 2 - Blueville 3 |
TOP OF THE 9TH |
Topeka Tornados batting - Pitching for Blueville 83's : RHP Ernesto Germán
|
Now in LF: Jorge Rodríguez
|
|
Batting: RHB Cho-yun Qiao
|
0-0: Ball 1-0: SINGLE (Groundball, 4M)
|
Batting: LHB Aurelio Torrez
|
0-0: Ball 1-0: Ball 2-0: DOUBLE (Line Drive, 3L) Cho-yun Qiao to third
|
Batting: RHB José Pinto
|
0-0: Foul Ball, location: 2F 0-1: Ball 1-1: SINGLE (Groundball, 6MD) Cho-yun Qiao scores Aurelio Torrez to third Runner from 3rd tries for Home, SAFE, throw made home José Pinto to second
|
Pitching: LHP Salvador Castro
|
|
Pinch Hitting: RHB Don Thomas
|
0-0: Intentional Walk
|
Batting: LHB Ryan Drake
|
0-0: Called Strike 0-1: Ball 1-1: Swinging Strike 1-2: Foul Ball, location: 2F 1-2: Fly out, F9 (Flyball, 89S)
|
Batting: RHB Alberto Campos
|
0-0: Ball José Pinto is caught stealing 3rd base Don Thomas to second 1-0: SINGLE (Line Drive, 7LS) Don Thomas to third Runner from 3rd tries for Home, SAFE, no throw or cutoff
|
Batting: SHB Martín Medina
|
0-0: Ball Single, Error in OF, E7, batter to second base Alberto Campos to third
|
Pinch Hitting: RHB Gabriel Santana
|
0-0: SINGLE (Groundball, 4MD) Alberto Campos scores Martín Medina to third Runner from 3rd tries for Home, SAFE, no throw or cutoff
|
Pitching: LHP Carlos Thomas
|
|
Batting: RHB Bob Hall
|
0-0: Called Strike 0-1: Foul Ball, location: 2F 0-2: Ball 1-2: Ball 2-2: Ball 3-2: Base on Balls Gabriel Santana to second
|
Batting: RHB Cho-yun Qiao
|
0-0: Ball 1-0: Ball 2-0: Swinging Strike 2-1: Swinging Strike 2-2: Ball 3-2: Base on Balls Gabriel Santana to third Bob Hall to second
|
Batting: LHB Aurelio Torrez
|
0-0: Called Strike 0-1: Ball 1-1: Ball 2-1: Swinging Strike 2-2: Ball 3-2: Ground out 1-3 (Groundball, 23)
|
Top of the 9th over - 5 run(s), 6 hit(s), 1 error(s), 3 left on base; Topeka 7 - Blueville 3 |
BOTTOM OF THE 9TH |
Blueville 83's batting - Pitching for Topeka Tornados : LHP Glenn Tutt
|
Pitching: RHP Larry Jones
|
|
Now at 2B: Armando Méndez
|
|
Now in RF: Gabriel Santana
|
|
Batting: LHB Jacob Wright
|
0-0: SINGLE (Groundball, 34D)
|
Batting: RHB Gernot Renner
|
0-0: Foul Ball, location: 2F 0-1: Ball 1-1: Grounds into double play, 6-4-3 (Groundball, 6)
|
Batting: RHB Juan Costello
|
0-0: Ball 1-0: Ball 2-0: Called Strike 2-1: Called Strike 2-2: TRIPLE (Flyball, 7LS)
|
Batting: RHB Carlos Carrillo
|
0-0: Foul Ball, location: 2F 0-1: Called Strike 0-2: Ball 1-2: Ball 2-2: SINGLE (Flyball, 8LS) Juan Costello scores
|
Pitching: LHP Jeremy Meyer
|
|
Batting: RHB Kuniaki Kawashima
|
0-0: Called Strike 0-1: Foul Ball, location: 2F 0-2: Strikes out looking
|
Bottom of the 9th over - 1 run(s), 3 hit(s), 0 error(s), 1 left on base; Topeka 7 - Blueville 4 |
|